Map: Dusty Gorge

Players

OpuS - Winner!

  • Race: Protoss Protoss
  • League: Platinum
  • Spawn Location: 9:00

Sketchaphone - Winner!

  • Race: Zerg Zerg
  • League: Platinum
  • Spawn Location: 11:00

Starburst

  • Race: Terran Terran
  • Spawn Location: 3:00

Hoser

  • Race: Terran Terran
  • Spawn Location: 5:00

VOD

Have the link to the VOD?

Description

Time

  • Played on: Feb. 12, 2019, 7:46 p.m.
  • Length: 14:39
Show
View Real Time Build Order
Export as new Build Order

OpuS Protoss - Winner!

Build Orders:  

Get SALT Encoding   

  12  0:01  Probe  
  13  0:13  Probe  
  14  0:24  Pylon  
  14  0:25  Probe  
  15  0:43  Gateway  
  15  0:47  Probe  
  15  0:55  Probe  
  16  0:58  Assimilator  
  16  0:59  Assimilator  
  17  1:04  Probe  
  18  1:15  Probe  
  19  1:23  Probe  
  19  1:31  Cybernetics Core  
  20  1:37  Probe  
  21  1:44  Pylon  
  21  1:48  Gateway  
  21  1:53  Gateway  
  21  1:56  Probe  
  22  2:05  Warp Gate  
  22  2:19  Gateway  
  22  2:21  Stalker  
  24  2:23  Probe  
  25  2:31  Probe  
  26  2:38  Pylon  
  26  2:40  Pylon  
  25  2:48  Stalker  
  27  2:56  Stalker  
  29  3:03  Stalker  
  31  3:14  Pylon  
  31  3:19  Stalker  
  33  3:32  Gateway  
  33  3:44  Twilight Council  
  30  3:57  Stalker  
  32  4:05  Probe  
  33  4:11  Sentry  
  33  4:12  Sentry x2  
  33  4:13  Probe  
  39  4:22  Blink  
  40  4:50  Nexus  
  34  5:19  Stalker x3  
  40  5:23  Stalker  
  42  5:48  Stalker x2  
  42  5:49  Stalker  
  48  5:56  Probe  
  39  6:06  Robotics Facility  
  39  6:16  Zealot  
  41  6:18  Zealot  
  41  6:25  Probe x2  
  45  6:37  Probe x2  
  47  6:49  Probe  
  48  7:13  Stalker x2  
  48  7:15  Stalker x3  
  58  7:16  Probe  
  58  7:17  Probe  
  54  7:29  Probe, Observer  
  44  7:30  Charge  
  44  7:32  Probe  
  45  7:41  Probe  
  45  7:42  Zealot x2  
  50  7:45  Probe  
  51  7:53  Probe  
  51  7:56  Observer  
  53  8:01  Zealot x3  
  53  8:05  Zealot  
  61  8:08  Stalker  
  63  8:14  Probe  
  63  8:15  Probe  
  65  8:20  Pylon  
  65  8:27  Probe x2  
  67  8:30  Sentry  
  69  8:35  Assimilator  
  69  8:37  Pylon  
  69  8:39  Probe x2  
  49  9:12  Zealot  
  49  9:13  Zealot x3  
  49  9:14  Zealot  
  49  9:15  Probe x2  
  59  9:19  Stargate  
  59  9:20  Stargate  
  59  9:22  Assimilator  
  59  9:27  Probe  
  60  9:36  Observer  
  60  9:37  Zealot  
  60  9:38  Zealot x3  
  69  9:42  Nexus  
  69  9:43  Zealot  
  71  9:57  Observer  
  71  9:58  Stalker x3  
  78  10:00  Stalker  
  78  10:05  Stalker  
  82  10:11  Probe x2  
  82  10:13  Pylon  
  84  10:19  Observer  
  85  10:33  Void Ray x2  
  79  10:59  Probe  
  79  11:00  Probe x2  
  74  11:16  Void Ray x2  
  80  11:19  Stargate  
  80  11:22  Stargate  
  79  11:27  Probe x3  
  79  11:31  Assimilator  
  79  11:32  Zealot x2  
  83  11:33  Zealot  
  83  11:34  Assimilator  
  83  11:39  Probe, Observer  
  81  11:56  Probe x2  
  81  11:57  Probe  
  81  11:59  Void Ray  
  81  12:00  Observer  
  89  12:02  Zealot  
  89  12:03  Zealot x3  
  89  12:04  Zealot  
  99  12:08  Probe x2  
  99  12:09  Probe  
  99  12:14  Pylon  
  102  12:17  Protoss Air Weapons Level 1  
  102  12:21  Observer  
  102  12:22  Pylon  
  103  12:24  Pylon  
  103  12:25  Void Ray  
  103  12:31  Void Ray  
  107  12:42  Probe, Void Ray  
  107  12:44  Probe  
  113  12:45  Probe  
  114  12:58  Void Ray  
  122  13:06  Void Ray  
  122  13:07  Cybernetics Core  
  126  13:16  Void Ray  
  130  13:34  Pylon  
  130  13:35  Pylon  
  130  13:39  Pylon  
  130  13:52  Void Ray x2  
  130  13:53  Void Ray  
  142  14:01  Stargate  
  142  14:05  Stargate  
  128  14:12  Nexus, Pylon  
  128  14:16  Pylon  
  126  14:17  Pylon  
Show
View Real Time Build Order
Export as new Build Order

Sketchaphone Zerg - Winner!

Build Orders: Hatch First 

Get SALT Encoding   

  12  0:01  Drone  
  13  0:13  Overlord  
  13  0:20  Drone  
  14  0:23  Extractor  
  14  0:24  Drone  
  15  0:35  Drone  
  16  0:36  Drone  
  17  0:46  Drone  
  18  1:02  Drone, Hatchery  
  18  1:05  Extractor  
  17  1:22  Spawning Pool  
  16  1:29  Drone x3  
  19  1:45  Drone  
  20  1:50  Overlord  
  20  2:08  Metabolic Boost  
  20  2:10  Queen  
  20  2:13  Zergling x2, Drone  
  20  2:15  Queen  
  26  2:26  Drone  
  26  2:28  Evolution Chamber  
  26  2:46  Drone  
  27  2:58  Zerg Melee Weapons Level 1  
  27  2:59  Overlord  
  27  3:05  Spine Crawler  
  25  3:07  Spine Crawler  
  25  3:11  Overlord  
  25  3:12  Zergling x2  
  25  3:39  Zergling x4  
  26  3:43  Zergling x6  
  26  3:47  Zergling x2  
  30  3:51  Hatchery  
  30  3:53  Zergling x4  
  31  3:57  Zergling x2  
  31  4:00  Drone  
  31  4:02  Drone  
  34  4:11  Drone x2  
  34  4:12  Zergling x2  
  37  4:19  Zergling x4  
  39  4:25  Zergling x4  
  41  4:32  Zergling x2  
  41  4:33  Zergling x4  
  41  4:37  Overlord  
  44  4:48  Overlord  
  44  4:49  Drone  
  44  4:51  Drone  
  44  5:00  Zergling x10  
  49  5:11  Drone  
  49  5:12  Drone x3  
  44  5:31  Drone x2  
  44  5:33  Lair  
  44  5:36  Queen, Drone  
  44  5:39  Drone x4  
  45  6:07  Zergling x20  
  55  6:12  Extractor  
  55  6:13  Drone x2  
  53  6:26  Drone x3  
  53  6:27  Spore Crawler  
  55  6:34  Baneling Nest  
  55  6:36  Drone x2, Extractor  
  55  6:37  Extractor  
  54  6:40  Evolution Chamber  
  54  6:47  Spore Crawler, Drone  
  51  6:59  Zergling x20  
  56  7:01  Zerg Melee Weapons Level 2  
  56  7:06  Zerg Ground Armor Level 1  
  56  7:07  Drone x3  
  56  7:11  Drone x2  
  58  7:30  Queen  
  58  7:33  Drone  
  58  7:34  Drone x5  
  66  7:44  Overlord  
  66  7:46  Overlord  
  66  7:48  Overlord  
  66  7:49  Overlord  
  66  7:50  Overlord  
  66  7:57  Spire  
  65  7:59  Spore Crawler, Drone  
  65  8:01  Drone x2  
  67  8:16  Queen  
  67  8:18  Drone x6  
  75  8:29  Queen  
  77  8:51  Queen  
  72  9:13  Mutalisk  
  72  9:14  Mutalisk x9, Zerg Flyer Weapons Level 1  
  90  9:19  Overlord x2  
  90  9:20  Overlord  
  90  9:23  Overlord  
  90  9:24  Drone  
  90  9:25  Drone  
  92  9:37  Zerg Ground Armor Level 2  
  88  10:21  Mutalisk x4  
  88  10:22  Zergling x18  
  88  10:27  Infestation Pit  
  98  10:39  Zergling x2  
  98  10:40  Zergling x6  
  102  10:50  Nydus Network  
  101  10:58  Extractor  
  101  11:02  Extractor  
  99  11:07  Zerg Flyer Weapons Level 2  
  99  11:09  Zergling x18  
  99  11:10  Zergling x2  
  109  11:20  Hatchery  
  109  11:24  Pathogen Glands, Hive  
  108  11:27  Zergling x14  
  108  11:32  Nydus Canal  
  115  11:33  Zergling x2  
  116  11:41  Overlord  
  115  11:48  Zergling x12  
  114  11:54  Zergling x6  
  109  12:01  Zergling x6  
  109  12:06  Hatchery  
  109  12:07  Hatchery  
  107  12:15  Zergling x16  
  115  12:25  Centrifical Hooks  
  115  12:27  Mutalisk x3  
  115  12:28  Mutalisk  
  123  12:42  Baneling x11  
  123  12:43  Zergling x16, Baneling  
  123  12:44  Zergling x4  
  133  12:45  Overlord  
  133  13:07  Nydus Canal  
  132  13:13  Zergling x12  
  132  13:14  Zergling x8  
  132  13:18  Zergling x2  
  111  13:48  Zergling x26  
  111  13:52  Nydus Canal  
  111  13:53  Zergling x2  
  124  13:59  Nydus Canal  
  124  14:00  Zergling x6  
  125  14:08  Ultralisk Cavern  
  116  14:14  Zergling x10  
Show
View Real Time Build Order
Export as new Build Order

Starburst Terran 

Build Orders:  

Get SALT Encoding   

  12  0:01  SCV  
  13  0:13  SCV  
  14  0:19  Supply Depot  
  14  0:25  SCV  
  15  0:40  SCV  
  15  0:42  Barracks  
  16  0:52  Refinery, SCV  
  16  0:55  Refinery  
  17  1:04  SCV  
  18  1:15  Barracks  
  18  1:17  SCV  
  19  1:29  SCV  
  19  1:31  Reaper  
  21  1:34  Supply Depot  
  21  1:45  Orbital Command  
  21  1:53  Supply Depot  
  21  2:03  Reaper x2  
  23  2:11  SCV  
  24  2:22  Supply Depot  
  24  2:28  Engineering Bay  
  24  2:35  Reaper x2  
  26  2:51  Command Center  
  26  3:02  Factory  
  26  3:05  SCV  
  27  3:17  SCV  
  28  3:29  Marine x2, SCV  
  31  3:41  SCV  
  32  3:47  Marine x2  
  33  4:03  Factory Tech Lab  
  33  4:05  Barracks Tech Lab  
  33  4:06  Barracks Tech Lab  
  33  4:10  SCV  
  33  4:13  Orbital Command  
  34  4:22  Factory  
  34  4:23  Siege Tank, SCV  
  38  4:34  Refinery  
  38  4:35  SCV  
  39  4:44  Marauder  
  39  4:45  Marauder  
  42  4:47  SCV  
  43  4:55  Armory, Hellion  
  43  4:58  SCV  
  43  4:59  SCV  
  47  5:03  Stimpack  
  47  5:11  SCV x2  
  46  5:23  Marine x2, SCV  
  46  5:26  Widow Mine  
  42  5:41  Marine  
  43  5:44  Marauder  
  43  5:46  Siege Tank  
  43  5:47  Widow Mine  
  43  5:49  SCV x2  
  50  5:57  Refinery  
  50  5:59  Marauder  
  50  6:01  SCV x2  
  54  6:13  SCV x2  
  56  6:20  Marauder, Combat Shield  
  56  6:23  Siege Tank  
  56  6:24  Factory Reactor  
  56  6:25  SCV  
  62  6:28  Supply Depot  
  62  6:29  Supply Depot  
  62  6:30  Supply Depot  
  62  6:36  Terran Vehicle Weapons Level 1  
  62  6:37  SCV x2  
  62  6:39  Marauder  
  66  6:45  Drilling Claws  
  66  6:49  SCV x2  
  61  7:04  Concussive Shells  
  58  7:08  Siege Tank  
  58  7:11  Widow Mine x2  
  59  7:20  Marauder  
  51  7:29  SCV x2  
  53  7:33  Widow Mine  
  55  7:41  SCV x2  
  57  7:45  Terran Infantry Weapons Level 1  
  57  7:46  Supply Depot  
  57  7:52  Starport  
  57  8:00  Marine  
  57  8:01  Marauder  
  57  8:05  Widow Mine x2  
  64  8:06  Siege Tank  
  67  8:14  SCV  
  67  8:18  Marine  
  69  8:21  Supply Depot  
  69  8:22  Marauder  
  69  8:26  Widow Mine, SCV  
  74  8:29  Widow Mine  
  76  8:35  Starport Tech Lab  
  76  8:36  Marine  
  76  8:38  Siege Tank  
  80  8:43  Marauder  
  80  8:44  Supply Depot  
  80  8:48  Widow Mine  
  79  8:54  Marine  
  80  8:59  Widow Mine  
  82  9:05  Marauder  
  82  9:06  Supply Depot  
  82  9:09  Widow Mine  
  84  9:10  Siege Tank  
  84  9:12  Marine  
  86  9:21  Widow Mine  
  88  9:26  Marauder  
  88  9:29  Supply Depot  
  88  9:30  Barracks, Marine, Widow Mine  
  88  9:31  Barracks, Medivac  
  95  9:41  Command Center  
  98  9:47  Marine x2  
  100  10:01  Medivac  
  100  10:05  Marauder, Marine  
  102  10:13  Thor  
  98  10:20  SCV x2  
  95  10:24  Marauder  
  95  10:26  Marine  
  90  10:31  Medivac  
  90  10:32  SCV  
  91  10:42  SCV  
  90  10:44  Marine x2, SCV  
  84  10:54  SCV  
  76  11:02  Marine x2  
  77  11:09  SCV x2  
  79  11:19  Marine  
  79  11:21  SCV  
  82  11:30  Barracks Reactor  
  81  11:33  SCV x2  
  81  11:38  Marauder  
  85  11:45  SCV x2  
  86  11:57  SCV x2  
  86  11:59  Marauder  
  90  12:05  Medivac  
  92  12:09  Terran Infantry Armor Level 1, SCV, Terran Vehicle Weapons Level 2  
  92  12:10  SCV  
  92  12:15  Command Center  
  94  12:22  SCV x2  
  96  12:32  Marauder, Marine x4  
  96  12:33  Siege Tank  
  96  12:34  SCV x2  
  107  12:46  SCV x2  
  107  12:48  Missile Turret  
  107  12:50  Marine x2  
  111  12:53  Marine  
  111  12:57  Missile Turret  
  111  12:58  SCV  
  113  12:59  SCV  
  114  13:10  Marine, SCV  
  116  13:18  Missile Turret  
  110  13:21  Missile Turret  
  93  13:41  SCV x2  
Show
View Real Time Build Order
Export as new Build Order

Hoser Terran 

Build Orders:  

Get SALT Encoding   

  12  0:02  SCV  
  13  0:16  Supply Depot  
  13  0:19  SCV  
  14  0:31  SCV  
  15  0:44  SCV  
  15  0:45  Barracks  
  15  0:48  Refinery  
  16  0:56  SCV  
  17  1:08  SCV  
  18  1:20  SCV  
  19  1:32  SCV  
  20  1:37  Marine, Supply Depot  
  21  1:45  Orbital Command  
  21  1:53  Factory  
  21  2:11  Bunker  
  21  2:14  SCV  
  22  2:16  Barracks Tech Lab  
  22  2:20  Refinery  
  22  2:40  Command Center  
  22  2:50  Supply Depot  
  22  2:51  Siege Tank  
  25  2:57  SCV  
  26  3:01  Barracks Tech Lab  
  26  3:05  Engineering Bay  
  26  3:10  SCV  
  27  3:28  Siege Tank  
  27  3:32  Supply Depot  
  30  3:38  Missile Turret  
  30  3:47  SCV  
  31  3:56  Supply Depot  
  31  4:03  Armory  
  31  4:18  Factory  
  31  4:19  Hellion  
  33  4:31  Supply Depot  
  33  4:34  Orbital Command  
  33  4:37  SCV  
  34  4:50  SCV  
  35  4:56  Siege Tank  
  24  5:39  Siege Tank  
  23  5:53  SCV  
  14  6:09  Hellion  
  15  6:24  SCV  
  16  6:31  Hellion, Refinery  
  18  6:33  Refinery  
  18  6:35  SCV  
  18  6:36  SCV  
  17  7:03  Supply Depot  
  17  7:04  Supply Depot  
  15  7:23  Factory Tech Lab  
  15  7:26  Factory Tech Lab, Supply Depot  
  15  7:29  Marine  
  16  7:37  SCV x2  
  18  7:45  Supply Depot  
  18  7:47  Marine  
  19  7:56  Siege Tank  
  22  8:03  SCV x2  
  24  8:08  Supply Depot  
  24  8:15  SCV  
  24  8:16  SCV  
  26  8:20  Terran Vehicle Weapons Level 1  
  26  8:28  SCV x2  
  26  8:32  Supply Depot  
  28  8:40  SCV x2  
  30  8:46  Hellbat  
  22  9:22  Siege Tank  
  22  9:23  Siege Tank, Supply Depot  
  28  9:31  SCV  
  28  9:32  SCV  
  30  9:44  SCV x2  
  32  9:55  Widow Mine  
  34  10:16  Factory Tech Lab  
  34  10:17  SCV  
  34  10:18  SCV  
  36  10:26  Thor  
  42  10:30  SCV x2  
  42  10:33  Terran Vehicle And Ship Armor Level 1  
  44  10:42  SCV  
  33  11:07  Thor  
  39  11:19  SCV x2  
  41  11:31  SCV x2  
  43  11:34  Thor  
  49  11:44  SCV  
  49  11:45  SCV  
  41  12:17  Thor  
  47  12:29  Stimpack  
  47  12:33  SCV x2  
  49  12:45  SCV x2  
  51  13:00  SCV x2  
  51  13:03  Thor  
  59  13:08  Hellbat  
  59  13:11  Supply Depot  
  59  13:12  SCV x2  
  63  13:30  Engineering Bay  
  63  13:47  Hellbat  
Tags
 
Add a new tag
Caveats
  • Supply blocks, unpowered buildings, or Contaminate may cause inaccurate times.
  • Supply counts are checked every 10 seconds.